 Dungeon Sprint DCSS version 0.30-a0-39-g42789b21ef (webtiles) character file.

Game seed: 10876432165043099669

11365 mhtbhm the Brawler (level 11, -1/126 HPs)
             Began as a Troll Transmuter on Aug 28, 2022.
             Was an Initiate of Gozag.
             Slain by an orc warrior
             ... wielding a +1 war axe of electrocution
              (20 damage)
             ... in the Dungeon (Sprint IX: "|||||||||||||||||||||||||||||").
             The game lasted 00:03:41 (1764 turns).

mhtbhm the Brawler (Troll Transmuter)               Turns: 1764, Time: 00:03:43

Health: -1/126     AC:  5    Str: 27    XL:     11   Next: 48%
Magic:  18/21      EV: 12    Int:  5    God:    Gozag
Gold:   5745       SH:  0    Dex: 10    Spells: 14/24 levels left

rFire   + + .      SeeInvis .      - Unarmed
rCold   + + +      Faith    .    (shield currently unavailable)
rNeg    . . .      Spirit   .    (body armour currently unavailable)
rPois   +          Reflect  .    (helmet currently unavailable)
rElec   .          Harm     .    (cloak currently unavailable)
rCorr   .          Rampage  .    (gloves unavailable)
Will    .....      NoTele   +    (boots unavailable)
Stlth   ++........               (no amulet)
HPRegen 1.11/turn                q - ring of the Heron {Drain rF+++ rC+ Int-4 Slay+6}
MPRegen 0.17/turn                m - +3 ring of strength

@: ice-form (expiring), gold aura
A: freezing attack, amphibious, boosted hp, large, unfitting armour, (claws 3),
regeneration 1, (shaggy fur 1), (tough skin 1)
a: End Transformation, Renounce Religion, Potion Petition, Call Merchant, Bribe
Branch


You were in the Dungeon.
You worshipped Gozag.
Gozag was greatly pleased with you.
You were a creature of crystalline ice.
You visited 1 branch You collected 5745 gold pieces.

Inventory:

Armour
 a - a +0 robe (melded)
 k - a +0 cloak (melded)
Jewellery
 m - a +3 ring of strength (right front paw)
 q - the ring of the Heron (left front paw) {Drain rF+++ rC+ Int-4 Slay+6}
   (You found it in the Dungeon)

   [ring of protection from cold]

   Int:       It affects your intelligence (-4).
   Slay:      It affects your accuracy & damage with ranged weapons and melee
   (+6).
   rF:        It renders you almost immune to fire.
   rC:        It protects you from cold.
   Drain:     It drains your maximum health when unequipped.
 r - a ring of resist corrosion
Wands
 j - a wand of quicksilver (17)
Scrolls
 h - 4 scrolls of blinking
 i - 2 scrolls of amnesia
 s - 2 scrolls of enchant armour
 t - a scroll of butterflies
 u - a scroll of identify
Potions
 b - a potion of invisibility
 c - 5 potions of curing
 d - a potion of resistance
 e - 4 potions of haste
 f - 4 potions of magic
 g - a potion of berserk rage
 n - a potion of brilliance
 o - a potion of might
 p - 2 potions of heal wounds


   Skills:
 + Level 6.0 Fighting
 + Level 9.4 Dodging
 + Level 2.7 Stealth
 + Level 19.7 Unarmed Combat
 + Level 7.3 Spellcasting
 + Level 8.1 Transmutations
 + Level 3.3 Ice Magic
 + Level 2.6 Evocations


You had 14 spell levels left.
You knew the following spells:

 Your Spells              Type           Power      Damage    Failure   Level
a - Beastly Appendage     Tmut           18%        N/A       1%          1
b - Wereblood             Tmut           9%         N/A       1%          2
c - Spider Form           Tmut/Pois      5%         N/A       14%         3
d - Ice Form              Ice/Tmut       7%         N/A       24%         4

Your spell library contained the following spells:

 Spells                   Type           Power      Damage    Failure   Level


Dungeon Overview and Level Annotations

Branches:
Dungeon (1/1)

Altars:
Cheibriados
Dithmenos
Elyvilon
Fedhas
Gozag
Hepliaklqana
Kikubaaqudgha
Makhleb
Nemelex Xobeh
Okawaru
Qazlal
Ru
Sif Muna
Trog
Uskayaw
Vehumet
Wu Jian
Xom
Yredelemnul
Zin
The Shining One
Jiyva
Lugonu


Innate Abilities, Weirdness & Mutations

You are a creature of crystalline ice.
You have a powerful freezing melee attack.
You are amphibious.
Your maximum health is increased.
Your armour is entirely melded.
You are incapable of wielding weapons or throwing items.
You are too large for most types of armour.
((You have claws for hands.))
Your natural rate of healing is unusually fast.
((You are covered in fur. (AC +1)))
((You have tough skin. (AC +1)))


Message History

An orc priest comes into view. It is wielding a +0 club.
Items here: $ )))) [[[.
Things that are here:
a +0 dagger; a +0 robe
Things that are here:
a +0 club; 2 boomerangs; a +0 leather armour You closely miss the orc high priest.
The orc high priest shouts!
Your primal bloodlust has ended.
The orc high priest invokes the aid of Beogh against you.
You struggle to resist.
The orc priest shouts!
You pummel the orc high priest!! You freeze the orc high priest.
The orc high priest is severely wounded.
You barely miss the orc high priest.
The orc high priest is severely wounded.
The orc high priest hits you with a +0 scimitar!
You barely miss the orc high priest.
The orc high priest is severely wounded.
The orc high priest hits you with a +0 scimitar.
The orc priest mumbles some strange prayers to Beogh against you.
Beogh smites you!
* * * LOW HITPOINT WARNING * * *
You punch the orc high priest! You freeze the orc high priest.
The orc high priest is almost dead.
You punch the orc high priest! You freeze the orc high priest.
You kill the orc high priest!
The orc priest calls upon Beogh to heal the orc warrior.
The orc warrior's wounds heal themselves!
Your Transmutations skill increases to level 8!
An orc warrior comes into view. It is wielding a +0 scimitar.
Items here: $ ))).
An orc warrior comes into view. It is wielding a +0 halberd of flaming.
Your transformation is almost over.
The orc priest invokes the aid of Beogh against you.
Beogh smites you!
* * * LOW HITPOINT WARNING * * *
The orc warrior hits you with a +1 war axe of electrocution!!
You die...
Your body crumbles into a pile of gold.

▓.▓.▓.▓.▓.▓
▓.▓.▓.▓)▓'▓
▓.▓.▓.▓.▓)▓
▓.▓.▓.▓.▓)▓
▓'▓.▓.▓.▓$▓
▓_▓.▓.▓.▓)▓
▓_▓.▓.▓.▓)▓
▓_▓.▓.▓.▓$▓
▓_▓.▓=▓.▓Y▓
▓_▓.▓'▓.▓o▓
▓_▓.▓.▓.▓)▓
▓_▓.▓.▓.▓.▓
▓_▓.▓.▓.▓o▓
▓_▓.▓.▓.▓o▓
▓_▓.▓.▓.▓.▓
▓_▓.▓.▓.▓o▓
▓_▓.▓.▓.▓$▓


You could see 3 orc warriors and an orc priest.

Vanquished Creatures
  Gastronok (D)
  An ettin (D)
  A hydra (D)
  2 centaur warriors (D)
  An orc high priest (D)
  A deep elf pyromancer (D)
  An orc knight (D)
  A manticore (D)
  A torpor snail (D)
  3 cane toads (D)
  3 komodo dragons (D)
  Psyche (D)
  4 polar bears (D)
  2 blink frogs (D)
  A slime creature (D)
  A shadow (D)
  4 yaks (D)
  2 wyverns (D)
  2 water moccasins (D)
  4 black bears (D)
  5 orc warriors (D)
  A wolf (D)
  2 bullfrogs (D)
  A gnoll sergeant (D)
  A wight (D)
  3 hounds (D)
  2 orc priests (D)
  6 orc wizards (D)
  An iguana (D)
  An adder (D)
  4 orcs (D)
  A ball python (D)
  A giant cockroach (D)
  A kobold (D)
  A quokka (D)
  A rat (D)
69 creatures vanquished.

Notes
Turn   | Place    | Note
-------+----------+-------------------------------------------
     0 | D        | mhtbhm the Troll Transmuter began the quest for the Orb.
     0 | D        | Reached XP level 1. HP: 18/18 MP: 1/1
    21 | D        | Reached skill level 4 in Unarmed Combat
   129 | D        | Noticed a hound
   129 | D        | Noticed a hound
   129 | D        | Noticed a hound
   129 | D        | Noticed an iguana
   133 | D        | Killed a hound
   134 | D        | Reached skill level 1 in Fighting
   134 | D        | Reached skill level 5 in Unarmed Combat
   134 | D        | Reached XP level 2. HP: 27/27 MP: 0/4
   134 | D        | Reached XP level 3. HP: 33/33 MP: 0/5
   136 | D        | Reached skill level 6 in Unarmed Combat
   136 | D        | Reached XP level 4. HP: 41/41 MP: 0/6
   141 | D        | Reached skill level 7 in Unarmed Combat
   384 | D        | Learned a level 2 spell: Wereblood
   388 | D        | Learned a level 3 spell: Spider Form
   392 | D        | Found a snail-covered altar of Cheibriados.
   392 | D        | Found a shadowy altar of Dithmenos.
   392 | D        | Found a white marble altar of Elyvilon.
   392 | D        | Found a blossoming altar of Fedhas.
   392 | D        | Found an opulent altar of Gozag.
   393 | D        | Found a hazy altar of Hepliaklqana.
   394 | D        | Found a viscous altar of Jiyva.
   395 | D        | Found an ancient bone altar of Kikubaaqudgha.
   396 | D        | Found a corrupted altar of Lugonu.
   397 | D        | Found a burning altar of Makhleb.
   398 | D        | Found a sparkling altar of Nemelex Xobeh.
   399 | D        | Found an iron altar of Okawaru.
   400 | D        | Found a stormy altar of Qazlal.
   401 | D        | Found a sacrificial altar of Ru.
   402 | D        | Found a shimmering blue altar of Sif Muna.
   406 | D        | Became a worshipper of Gozag Ym Sagoz the Greedy
   410 | D        | Found a bloodstained altar of Trog.
   411 | D        | Found a hide-covered altar of Uskayaw.
   412 | D        | Found a radiant altar of Vehumet.
   413 | D        | Found an ornate altar of the Wu Jian Council.
   414 | D        | Found a shimmering altar of Xom.
   415 | D        | Found a basalt altar of Yredelemnul.
   416 | D        | Found a glowing silver altar of Zin.
   417 | D        | Found a glowing golden altar of the Shining One.
   453 | D        | Noticed a yak
   453 | D        | Noticed a wyvern
   453 | D        | Noticed an orc warrior
   453 | D        | Noticed a gnoll sergeant
   453 | D        | Noticed a yak
   458 | D        | Killed a yak
   459 | D        | Reached skill level 9 in Unarmed Combat
   459 | D        | Reached XP level 5. HP: 45/49 MP: 4/9
   459 | D        | Reached XP level 6. HP: 53/57 MP: 4/10
   462 | D        | Killed a wyvern
   463 | D        | Reached skill level 10 in Unarmed Combat
   469 | D        | Killed an orc warrior
   470 | D        | Reached skill level 5 in Dodging
   470 | D        | Reached skill level 11 in Unarmed Combat
   472 | D        | Reached XP level 7. HP: 50/66 MP: 6/12
   478 | D        | Killed a yak
   479 | D        | Reached skill level 12 in Unarmed Combat
   658 | D        | Learned a level 4 spell: Ice Form
   660 | D        | Noticed a manticore
   660 | D        | Noticed a centaur warrior
   660 | D        | Noticed a shadow
   660 | D        | Noticed a centaur warrior
   660 | D        | Noticed a slime creature
   660 | D        | Noticed a deep elf pyromancer
   663 | D        | Killed a manticore
   664 | D        | Reached skill level 13 in Unarmed Combat
   664 | D        | Reached XP level 8. HP: 46/76 MP: 9/13
   669 | D        | Killed a centaur warrior
   670 | D        | Reached skill level 1 in Stealth
   670 | D        | Reached skill level 14 in Unarmed Combat
   670 | D        | Reached skill level 5 in Transmutations
   674 | D        | Killed a deep elf pyromancer
   675 | D        | Reached skill level 15 in Unarmed Combat
   675 | D        | Reached skill level 5 in Spellcasting
   675 | D        | Reached XP level 9. HP: 31/85 MP: 11/15
   676 | D        | Killed a centaur warrior
   677 | D        | Reached skill level 1 in Evocations
   840 | D        | Got the ring of the Heron {Drain rF+++ rC+ Int-4 Slay+6}
   995 | D        | Noticed a komodo dragon
   995 | D        | Noticed a komodo dragon
   995 | D        | Noticed a cane toad
  1002 | D        | Killed a komodo dragon
  1003 | D        | Reached skill level 5 in Fighting
  1003 | D        | Reached skill level 16 in Unarmed Combat
  1004 | D        | Killed a komodo dragon
  1007 | D        | Killed a cane toad
  1008 | D        | Reached skill level 1 in Ice Magic
  1008 | D        | Reached XP level 10. HP: 68/96 MP: 11/17
  1183 | D        | Noticed a cane toad
  1183 | D        | Noticed a torpor snail
  1186 | D        | Killed a cane toad
  1187 | D        | Reached skill level 17 in Unarmed Combat
  1189 | D        | Noticed a four-headed hydra
  1190 | D        | Noticed a cane toad
  1192 | D        | Killed a torpor snail
  1199 | D        | Killed a cane toad
  1204 | D        | Killed a four-headed hydra
  1250 | D        | Reached skill level 18 in Unarmed Combat
  1260 | D        | Reached XP level 11. HP: 105/105 MP: 14/20
  1322 | D        | Noticed Psyche
  1330 | D        | Killed Psyche
  1334 | D        | Noticed Gastronok
  1346 | D        | Killed Gastronok
  1402 | D        | Reached skill level 19 in Unarmed Combat
  1404 | D        | Noticed an ettin
  1415 | D        | Killed an ettin
  1552 | D        | Noticed an orc knight
  1552 | D        | Noticed an orc high priest
  1560 | D        | Killed an orc knight
  1762 | D        | Killed an orc high priest
  1764 | D        | Slain by an orc warrior

Illustrated notes

Levels and vault maps discovered:
D:        linesprint [early_d, line_temple, items_1, d_10, items_2, lair_1,
          lair_end, items_3, orc_1, orc_end, items_4, d_15, swamp_1, shoals_1,
          snake_1, spider_1, d_20, vaults_1, items_5, swamp_end, shoals_end,
          snake_end, spider_end, vaults_end, d_27, items_6, zot_1, zot_end,
          crypt_end, forest_end, elf_end, slime_end, tomb_end, abyss_end,
          pan_hell_end]

Skill      XL: |  1  2  3  4  5  6  7  8  9 10 11 |
---------------+----------------------------------+-----
Unarmed Combat | 5 6 9 11 13 15 16 18 19 | 19.7
Fighting       | 1 2 3 4 5 6 |  6.0
Dodging        | 2 4 5 6 7 8 9 |  9.4
Spellcasting   | 2 3 4 5 6 7 |  7.3
Transmutations | 2 3 4 5 6 7 8 |  8.1
Stealth        | 1 2 |  2.7
Evocations     | 1 2 |  2.6
Ice Magic      | 1 2 3 |  3.3

Action                   |  1- 3 |  4- 6 |  7- 9 | 10-12 || total
-------------------------+-------+-------+-------+-------++-------
Melee: Unarmed           |    22 |    29 |    22 |    95 ||   168
       Kick              |       |     4 |     1 |       ||     5
       Punch             |       |     1 |     2 |       ||     3
       Headbutt          |       |     1 |       |       ||     1
 Cast: Beastly Appendage |     1 |     1 |     1 |       ||     3
       Wereblood         |       |     1 |     2 |     7 ||    10
       Ice Form          |       |       |     1 |     7 ||     8
Evoke: Wand              |       |       |     5 |     1 ||     6
  Use: Potion            |     1 |       |     3 |       ||     4
       Scroll            |       |       |       |     1 ||     1
 Stab: Distracted        |       |       |     1 |     1 ||     2
Armor: Skin              |     6 |     7 |     1 |    12 ||    26
       Robe              |     2 |     3 |     3 |       ||     8
Dodge: Dodged            |     7 |     3 |     4 |    28 ||    42

Table legend: (Time is in decaauts)
 A = Elapsed time spent in this place.
 B = Non-inter-level travel time spent in this place.
 C = Inter-level travel time spent in this place.
 D = Time resting spent in this place.
 E = Time spent auto-exploring this place.
 F = Levels seen in this place.
 G = Mean time per level.
                   A        B        C        D        E       F      G
               +--------+--------+--------+--------+--------+-----+--------+
         Total |   1721 |   1721 |      0 |    911 |     68 |   1 | 1721.0 |
       Dungeon |   1721 |   1721 |      0 |    911 |     68 |   1 | 1721.0 |
               +--------+--------+--------+--------+--------+-----+--------+

Top non-repeatable levels by time:
       D: 1721 daAuts
